 Dungeon Crawl Stone Soup version 0.24.0-123-gd5b16e6ec5 (webtiles) character file.

Game seed: 909243868919014641, levelgen mode: deterministic

66 Emblim88 the Stinger (level 3, 0/31 HPs)
             Began as a Troll Venom Mage on Jan 11, 2020.
             Slain by an orc
             ... wielding a +2 hand axe of freezing
              (6 damage)
             ... on level 3 of the Dungeon.
             The game lasted 00:02:04 (1233 turns).

Emblim88 the Stinger (Troll Venom Mage)             Turns: 1233, Time: 00:02:05

Health: 0/31       AC:  6    Str: 16    XL:     3   Next: 96%
Magic:  0/4        EV: 16    Int: 12    God:
Gold:   155        SH:  0    Dex: 18    Spells: 4/5 levels left

rFire    . . .     SeeInvis .     - Unarmed
rCold    . . .     Gourm    +   (no shield)
rNeg     . . .     Faith    .   a - +0 robe
rPois    .         Spirit   +   (helmet restricted)
rElec    .         Reflect  .   (no cloak)
rCorr    .         Harm     .   (gloves unavailable)
MR       .....                  (boots unavailable)
Stlth    +++.......             g - amulet of guardian spirit
HPRegen  0.50/turn              i - +3 ring of dexterity
MPRegen  0.09/turn              (no ring)

@: agile, flying
A: large, unfitting armour, claws 3, fast metabolism 3, gourmand, regeneration
1, shaggy fur 1, tough skin 3
a: no special abilities


You were on level 3 of the Dungeon.
You were not hungry.

You visited 1 branch of the dungeon, and saw 3 of its levels.

You collected 155 gold pieces.

Inventory:

Missiles
 n - 4 silver javelins (quivered)
Armour
 a - a +0 robe (worn)
Jewellery
 e - an uncursed amulet of faith
 g - an amulet of guardian spirit (around neck)
 i - a +3 ring of dexterity (left claw)
Scrolls
 b - a scroll of fear {unknown}
 f - 6 scrolls of identify {unknown}
 h - 2 scrolls of teleportation {unknown}
 k - a scroll of random uselessness {unknown}
Potions
 l - a potion of heal wounds {unknown}
Comestibles
 c - 3 rations


   Skills:
 + Level 2.1 Dodging
 - Level 1.0 Stealth
 + Level 1.3 Unarmed Combat
 + Level 1.6 Spellcasting
 + Level 1.3 Conjurations
 + Level 2.5 Poison Magic


You had 4 spell levels left.
You knew the following spells:

 Your Spells              Type           Power        Failure   Level  Hunger
a - Sting                 Conj/Pois      #...         13%         1    ##.....

Your spell library contained the following spells:

 Spells                   Type           Power        Failure   Level  Hunger
 Poisonous Vapours        Pois/Air       #.....       26%         2    ###....
 Mephitic Cloud           Conj/Pois/Air  #.......     45%         3    ####...
 Olgreb's Toxic Radiance  Pois           #.......     69%         4    #####..
 Venom Bolt               Conj/Pois      #.........   98%         5    ######.


Dungeon Overview and Level Annotations

Branches:
Dungeon (2/15)

Altars:

Annotations:
D:3 Ijyb


Innate Abilities, Weirdness & Mutations

You are too large for most types of armour.
You have claws for hands.
Your metabolism is lightning-fast.
You like to eat raw meat.
Your natural rate of healing is unusually fast.
You are covered in fur. (AC +1)
You have extremely tough skin. (AC +3)


Message History

The orc completely misses you.
Ijyb zaps a wand.
The puff of flame hits you!
* * * LOW HITPOINT WARNING * * *
It was a potion of flight.
You feel very buoyant.
You fly up into the air.
Ijyb completely misses you. The orc closely misses you.
You scratch Ijyb but do no damage.
Ijyb is moderately wounded.
Ijyb closely misses you. The orc hits you but does no damage.
You closely miss Ijyb.
Ijyb is moderately wounded.
Ijyb completely misses you. The orc hits you but does no damage.
You claw Ijyb!
Ijyb is heavily wounded.
Ijyb completely misses you. The orc misses you.
You scratch Ijyb but do no damage.
Ijyb is severely wounded.
Ijyb looks more healthy.
Ijyb closely misses you.
The orc hits you with a +2 hand axe of freezing!
You die...

#. # #. .. #. ...
#.### ....
#..$##.....
######## #.go......
#......##### #.@##
#......#...# #...#
##......#...####..#
.'..........#.....#
##......#####.###.#
#####....#.##.# .#
............#.# .#
..............###.#
#####.####........#


You could see Ijyb and an orc.

Vanquished Creatures
  2 adders (D:2)
  A worm (D:2)
  2 dart slugs (D:1)
  4 bats
  5 giant cockroaches
  7 hobgoblins
  2 jackals (D:1)
  6 kobolds
  A quokka (D:2)
  A ball python (D:1)
  2 frilled lizards (D:2)
  4 goblins
  2 rats
39 creatures vanquished.

Notes
Turn   | Place    | Note
-------+----------+-------------------------------------------
     0 | D:1      | Emblim88 the Troll Venom Mage began the quest for the Orb.
     0 | D:1      | Reached XP level 1. HP: 16/16 MP: 1/1
   110 | D:1      | Reached XP level 2. HP: 22/24 MP: 3/3
   138 | D:1      | Reached skill level 1 in Conjurations
   740 | D:2      | Reached skill level 1 in Unarmed Combat
   753 | D:2      | Reached XP level 3. HP: 31/31 MP: 4/4
  1168 | D:2      | You fall into a shaft and drop 1 floor!
  1218 | D:3      | Noticed Ijyb
  1233 | D:3      | Slain by an orc

Levels and vault maps discovered:
D:1:      elethiomel_arrival_quiet, layout_loops_ring, minmay_cupped
D:2:      minmay_chambers_of_twos, layout_loops_ring, uniq_robin
D:3:      cheibrodos_helix_gallery, layout_basic, ebering_ghost_sewer_d,
          yredelemnul_altar_generic, uniq_jessica, uniq_ijyb, uniq_natasha

Skill      XL: |  1  2  3 |
---------------+----------+-----
Conjurations   | 1 |  1.3
Unarmed Combat | 1 |  1.3
Dodging        | 2 |  2.1
Stealth        | |  1.0
Spellcasting   | |  1.6
Poison Magic   | |  2.5

Action                   || total
-------------------------++-------
Melee: Unarmed           ||   148
 Cast: Sting             ||     1
  Use: Potion            ||     2
 Stab: Sleeping          ||     3
  Eat: Chunk             ||     8
       Ration            ||     1
Armor: Robe              ||    63
Dodge: Dodged            ||    83
